 Dungeon Crawl Stone Soup version 0.23.2-1-ga50397a (webtiles) character file.

Game seed: 5600282390729114108

12887 Borgoz the Cleaver (level 11, -5/148 HPs)
             Began as a Minotaur Gladiator on May 16, 2019.
             Was a High Priest of Okawaru.
             Slain by a large slime creature (26 damage)
             ... on level 12 of the Dungeon.
             The game lasted 00:23:27 (9788 turns).

Borgoz the Cleaver (Minotaur Gladiator)             Turns: 9788, Time: 00:23:28

Health: -5/148     AC: 10    Str: 29    XL:     11   Next: 68%
Magic:  0/14       EV: 18    Int:  5    God:    Okawaru [*****.]
Gold:   540        SH:  0    Dex: 20    Spells: 10/10 levels left

rFire    + + .     SeeInvis +   b - +8 hand axe "Jomonn" {freeze, Str+6}
rCold    . . .     Gourm    .   (no shield)
rNeg     + . .     Faith    .   Q - +0 scale mail "Qiahui" {*Corrode +Fly rF++ rN+} (curse)
rPois    .         Spirit   +   c - +0 hat
rElec    .         Reflect  .   S - scarf {Spirit}
rCorr    .         Harm     .   k - +0 pair of gloves
MR       .....                  (no boots)
Stlth    ..........             s - amulet of rage
HPRegen  0.34/turn              y - +4 ring of dexterity
MPRegen  0.14/turn              o - ring of see invisible

@: berserking (expiring), slowed
A: retaliatory headbutt, horns 2
a: Heroism, Finesse, Renounce Religion, Evoke Berserk Rage, Evoke Flight


You were on level 12 of the Dungeon.
You worshipped Okawaru.
Okawaru was extremely pleased with you.
You were hungry.

You visited 2 branches of the dungeon, and saw 13 of its levels.
You also visited: Sewer and Ossuary.

You collected 1124 gold pieces.
You spent 584 gold pieces at shops.

Inventory:

Hand Weapons
 a - a +0 mace
 b - the +8 hand axe "Jomonn" (weapon) {freeze, Str+6}
   (You found it on level 5 of the Dungeon)

   It has been specially enchanted to freeze those struck by it, causing extra
   injury to most foes and up to half again as much damage against particularly
   susceptible opponents.
   It can also slow down cold-blooded creatures.
   It affects your strength (+6).
 e - a -2 executioner's axe
 M - the +1 hand axe of the Philosopher {venom, Dex+2}
   (You found it on level 8 of the Dungeon)

   It poisons the flesh of those it strikes.
   It affects your dexterity (+2).
Armour
 c - a +0 hat (worn)
 k - a +0 pair of gloves (worn)
 p - a +0 plate armour
 w - a +2 leather armour of fire resistance
 P - the +5 cloak "Soetuiko" {rF+ Slay+2}
   (You bought it in a shop on level 10 of the Dungeon)

   It affects your accuracy and damage with ranged weapons and melee attacks
   (+2).
   It protects you from fire.
 Q - the cursed +0 scale mail "Qiahui" (worn) {*Corrode +Fly rF++ rN+}
   (You bought it in a shop on level 10 of the Dungeon)

   It greatly protects you from fire.
   It protects you from negative energy.
   It lets you fly.
   It may corrode you when you take damage.
   It has a curse placed upon it.
 R - a scarf of repulsion
 S - a scarf of spirit shield (worn)
Jewellery
 o - a ring of see invisible (right hand)
 s - an amulet of rage (around neck)
 u - a +2 ring of intelligence
 v - an uncursed ring of protection from fire
 y - a +4 ring of dexterity (left hand)
Wands
 g - a wand of paralysis (13)
 K - a wand of random effects (18)
 L - a wand of enslavement (11)
Scrolls
 d - a scroll of silence {unknown}
 j - 10 scrolls of remove curse
 q - a scroll of magic mapping {unknown}
 t - 2 scrolls of fog
 x - 3 scrolls of enchant armour
 A - 3 scrolls of amnesia
 C - a scroll of immolation {unknown}
 E - a scroll of enchant weapon
 G - 3 scrolls of blinking {unknown}
 H - 3 scrolls of teleportation
 I - a scroll of holy word {unknown}
 O - 2 scrolls of torment {unknown}
 T - a scroll of identify
Potions
 h - 5 potions of heal wounds
 i - 2 potions of agility
 l - 4 potions of flight
 m - 2 potions of brilliance
 n - 5 potions of might
 r - 4 potions of curing
 z - 2 potions of lignification
 B - a potion of ambrosia {unknown}
 D - 2 potions of berserk rage
 F - 3 potions of mutation
 J - 2 potions of cancellation {unknown}
 N - a potion of haste {unknown}
Comestibles
 f - 35 rations
 U - 3 chunks of flesh


   Skills:
 * Level 10.1 Fighting
 * Level 12.2 Axes
 - Level 2.0 Throwing
 * Level 9.8 Armour
 * Level 9.8 Dodging
 - Level 2.0 Stealth
 + Level 6.0 Evocations


You had 10 spell levels left.
You didn't know any spells.
Your spell library contained the following spells:

 Spells                   Type           Power        Failure   Level  Hunger
 Animate Skeleton         Necr           N/A          69%         1    ##.....
 Apportation              Tloc           #.....       69%         1    ##.....
 Confusing Touch          Hex            #.....       69%         1    ##.....
 Magic Dart               Conj           #...         69%         1    ##.....
 Summon Butterflies       Summ           #.......     69%         1    ##.....
 Summon Small Mammal      Summ           #...         69%         1    ##.....
 Blink                    Tloc           N/A          83%         2    ###....
 Call Imp                 Summ           #.......     83%         2    ###....
 Slow                     Hex            #.......     83%         2    ###....
 Call Canine Familiar     Summ           #.......     96%         3    ####...
 Conjure Flame            Conj/Fire      #.......     96%         3    ####...
 Mephitic Cloud           Conj/Pois/Air  #.......     96%         3    ####...
 Summon Ice Beast         Ice/Summ       #.......     100%        4    #####..
 Summon Mana Viper        Hex/Summ       #.......     100%        5    ######.
 Summon Hydra             Summ           #.........   100%        7    #######


Dungeon Overview and Level Annotations

Branches:
Dungeon (12/15)            Temple (1/1) D:6            Lair (0/6) D:11
    Orc: D:9-12

Altars:
Ashenzari
Cheibriados
Dithmenos
Elyvilon
Fedhas
Gozag
Hepliaklqana
Kikubaaqudgha
Makhleb
Nemelex Xobeh
Okawaru
Qazlal
Ru
Sif Muna
Trog
Uskayaw
Vehumet
Wu Jian
Xom
Yredelemnul
Zin
The Shining One

Shops:
D:4 *   D:5 }*   D:10 [

Annotations:
D:6 1 runed translucent door
D:12 Kirke


Innate Abilities, Weirdness & Mutations

You reflexively headbutt those who attack you in melee.
You have a pair of horns on your head.


Message History

Kirke completely misses you.
The large slime creature barely misses you.
You furiously retaliate!
You headbutt the large slime creature! You slash the hog! You freeze the hog!
You headbutt the hog!
You kill the hog!
Okawaru accepts your kill.
You slash Kirke! You freeze Kirke. You slice the large slime creature!!
You freeze the large slime creature. You hit the large slime creature.
You freeze the large slime creature. You slash the hog! You freeze the hog.
The hog bites you but does no damage.
The large slime creature barely misses you.
You slice the orc priest!! You freeze the orc priest.
You kill the orc priest!
Okawaru accepts your kill.
You can now speed up your combat.
Okawaru will now gift you equipment as you gain piety.
You closely miss Kirke. You slash the large slime creature!
You freeze the large slime creature. You hit the large slime creature.
You freeze the large slime creature. You slash the hog! You freeze the hog.
The large slime creature hits you!!
You die...

#########...
#...........
#..)......#
#.........#
#.........#
####.........####
.................
####......)@J#.
.........oh@J#
o.....##<#####
..........####
.#####.......#+##
#.....#....#
#...).#....#
###.#รท#....#
#.)......#
####.##...#


You could see Kirke (invisible), 2 large slime creatures, a hog and an orc
wizard.

Vanquished Creatures
  Erolcha (D:12)
  A hydra (D:9)
  A two-headed ogre (D:10)
  An unseen horror (D:12)
  2 oklob plants (D:11)
  A queen bee (D:10)
  The ghost of Exporg the Charmwright, an amateur GnSk of Makhleb (D:5)
  2 slime creatures (D:12)
  2 hippogriffs
  A vampire (D:5)
  4 yaks (D:11)
  A spriggan (D:7)
  3 wyverns
  4 hogs (D:12)
  A hungry ghost (D:9)
  4 ice beasts
  4 sky beasts
  A black bear (D:7)
  3 orc warriors (D:6)
  4 phantoms
  5 ogres
  5 centaurs
  2 big kobolds (Sewer)
  2 bullfrogs
  4 scorpions
  2 wyvern skeletons
  27 killer bees
  3 howler monkeys
  An electric eel (D:10)
  4 crimson imps
  2 bullfrog zombies (D:7)
  A centaur zombie (D:6)
  2 quasits
  6 hounds
  Crazy Yiuf (D:3)
  2 orc priests
  9 orc wizards
  3 centaur skeletons
  Jessica (D:8)
  2 iguanas (D:7)
  9 worker ants
  A killer bee zombie (D:6)
  A big kobold zombie (Ossuary)
  A hound zombie (D:7)
  A hound skeleton (D:8)
  8 mummies (Ossuary)
  6 gnolls
  A howler monkey skeleton (D:7)
  13 adders
  A river rat (D:4)
  A shadow imp (D:5)
  3 oozes
  2 adder skeletons
  An adder zombie (D:6)
  3 worms
  4 dart slugs
  5 leopard geckos
  30 orcs
  3 giant cockroaches
  5 goblins
  3 hobgoblins
  7 jackals
  A quokka (D:7)
  2 ball pythons
  11 bats
  4 frilled lizards
  A gnoll zombie (Ossuary)
  3 hobgoblin zombies (Ossuary)
  A jackal skeleton (D:6)
  16 kobolds
  3 kobold zombies (Ossuary)
  2 leopard gecko skeletons
  2 quokka skeletons
  9 rats
  8 plants (D:11)
298 creatures vanquished.

Vanquished Creatures (others)
  A gnoll (D:10)
1 creature vanquished.

Grand Total: 299 creatures vanquished

Notes
Turn   | Place    | Note
-------+----------+-------------------------------------------
     0 | D:1      | Borgoz the Minotaur Gladiator began the quest for the Orb.
     0 | D:1      | Reached XP level 1. HP: 18/18 MP: 0/0
   168 | D:1      | Reached XP level 2. HP: 25/25 MP: 1/1
   170 | D:1      | Reached skill level 4 in Axes
   401 | D:1      | Reached skill level 1 in Armour
   794 | D:2      | Reached XP level 3. HP: 29/30 MP: 2/2
  1145 | D:2      | Reached XP level 4. HP: 27/38 MP: 3/3
  1439 | D:3      | Found a runed translucent door.
  1440 | D:3      | Noticed Crazy Yiuf
  1653 | D:3      | Reached skill level 5 in Axes
  1993 | D:3      | Killed Crazy Yiuf
  1993 | D:3      | Reached XP level 5. HP: 45/45 MP: 4/4
  2087 | D:4      | Reached skill level 1 in Stealth
  2087 | D:4      | Reached skill level 1 in Evocations
  2107 | D:4      | Noticed a phantom
  2159 | D:4      | Killed a phantom
  2159 | D:4      | Reached XP level 6. HP: 28/52 MP: 5/5
  2179 | D:4      | Found a blossoming altar of Fedhas.
  2230 | D:4      | Reached skill level 6 in Axes
  2280 | D:4      | Reached XP level 7. HP: 51/59 MP: 7/7
  2471 | D:4      | Found a glowing drain.
  2478 | Sewer    | Entered a sewer
  2715 | Sewer    | Reached skill level 5 in Dodging
  2831 | D:4      | Found an iron altar of Okawaru.
  2939 | D:4      | Found Koilowk's Lightly-Used Armoury.
  3095 | D:5      | Entered Level 5 of the Dungeon
  3171 | D:5      | Found a large runed translucent door.
  3171 | D:5      | Found a large runed translucent door.
  3171 | D:5      | Noticed Exporg's ghost (amateur GnSk)
  3191 | D:5      | Reached skill level 7 in Axes
  3272 | D:5      | Found Usav's General Store.
  3332 | D:5      | Reached skill level 5 in Fighting
  3333 | D:5      | Reached XP level 8. HP: 40/68 MP: 8/8
  3621 | D:5      | Found Fecolit's Gadget Shoppe.
  3776 | D:5      | Got a translucent hand axe
  3777 | D:5      | Identified the +8 hand axe "Jomonn" {freeze, Str+6} (You
                  | found it on level 5 of the Dungeon)
  3892 | D:6      | Reached skill level 8 in Axes
  3923 | D:6      | Found a staircase to the Ecumenical Temple.
  3929 | D:6      | Found a glowing golden altar of the Shining One.
  3929 | D:6      | Noticed an angel
  3930 | D:6      | Found a runed translucent door.
  4001 | D:6      | Found a sand-covered staircase.
  4008 | Ossuary  | Entered an ossuary
  4023 | Ossuary  | Reached skill level 5 in Armour
  4313 | D:6      | Reached XP level 9. HP: 37/75 MP: 10/10
  4570 | D:6      | Found an ornate altar of the Wu Jian Council.
  4572 | D:6      | Found an ancient bone altar of Kikubaaqudgha.
  4572 | D:6      | Found a shimmering altar of Xom.
  4574 | D:6      | Found a white marble altar of Elyvilon.
  4574 | D:6      | Found a bloodstained altar of Trog.
  4574 | D:6      | Found a shimmering altar of Xom.
  4875 | D:6      | Reached skill level 9 in Axes
  5062 | D:7      | Found a blossoming altar of Fedhas.
  5365 | D:7      | Found a glowing golden altar of the Shining One.
  5365 | D:7      | Found an ornate altar of the Wu Jian Council.
  5418 | D:7      | Reached skill level 10 in Axes
  5582 | D:7      | Found a sacrificial altar of Ru.
  5582 | D:7      | Found a bloodstained altar of Trog.
  5583 | D:7      | Found an opulent altar of Gozag.
  5586 | D:7      | Found a shadowy altar of Dithmenos.
  6188 | D:8      | Noticed Jessica
  6199 | D:8      | Killed Jessica
  6205 | D:8      | Found a deep blue altar of Sif Muna.
  6645 | D:8      | Got a dazzling hand axe
  6646 | D:8      | Identified the +1 hand axe of the Philosopher {venom,
                  | Dex+2} (You found it on level 8 of the Dungeon)
  6731 | D:9      | Reached XP level 10. HP: 86/86 MP: 12/12
  6835 | D:9      | Noticed an eight-headed hydra
  6921 | Temple   | Entered the Ecumenical Temple
  7165 | D:5      | Killed Exporg's ghost
  7206 | D:4      | Became a worshipper of Warmaster Okawaru
  7226 | D:4      | Bought a -2 executioner's axe for 1 gold piece
  7382 | D:9      | Killed an eight-headed hydra
  7532 | D:9      | Reached skill level 5 in Evocations
  7587 | D:9      | Reached * piety under Okawaru
  7977 | D:10     | Entered Level 10 of the Dungeon
  8106 | D:10     | Reached skill level 11 in Axes
  8424 | D:10     | Reached ** piety under Okawaru
  8437 | D:10     | Found a burning altar of Makhleb.
  8574 | D:10     | Noticed a two-headed ogre
  8580 | D:10     | Killed a two-headed ogre
  8580 | D:10     | Reached *** piety under Okawaru
  8580 | D:10     | Reached XP level 11. HP: 34/97 MP: 14/14
  8842 | D:10     | Found Qoneo's Antique Armour Shoppe.
  8845 | D:10     | Bought an ichor-stained cloak for 209 gold pieces
  8845 | D:10     | Bought a polished scale mail for 198 gold pieces
  8845 | D:10     | Bought an embroidered scarf for 176 gold pieces
  8862 | D:10     | Identified the +5 cloak "Soetuiko" {rF+ Slay+2} (You bought
                  | it in a shop on level 10 of the Dungeon)
  8872 | D:10     | Identified the cursed +0 scale mail "Qiahui" {*Corrode +Fly
                  | rF++ rN+} (You bought it in a shop on level 10 of the
                  | Dungeon)
  9183 | D:11     | Noticed an oklob plant
  9184 | D:11     | Noticed an oklob plant
  9187 | D:11     | Found a staircase to the Lair.
  9275 | D:11     | Killed an oklob plant
  9275 | D:11     | Reached **** piety under Okawaru
  9343 | D:11     | Killed an oklob plant
  9706 | D:12     | Noticed an unseen horror
  9712 | D:12     | Killed an unseen horror
  9716 | D:12     | Noticed Erolcha
  9730 | D:12     | Killed Erolcha
  9730 | D:12     | Reached skill level 10 in Fighting
  9730 | D:12     | Reached skill level 12 in Axes
  9771 | D:12     | Noticed Kirke
  9788 | D:12     | Reached ***** piety under Okawaru
  9788 | D:12     | Slain by a large slime creature

Skill      XL: |  1  2  3  4  5  6  7  8  9 10 11 |
---------------+----------------------------------+-----
Axes           | 4 5 6 7 8 10 11 12 | 12.2
Armour         | 1 2 3 4 5 6 8 9 |  9.8
Fighting       | 3 4 5 6 7 9 10 | 10.1
Dodging        | 4 5 6 7 8 9 |  9.8
Stealth        | 1 2 |  2.0
Evocations     | 1 2 3 4 5 6 |  6.0
Throwing       | |  2.0

Action                   |  1- 3 |  4- 6 |  7- 9 | 10-12 || total
-------------------------+-------+-------+-------+-------++-------
Melee: War axe           |    79 |   110 |   133 |       ||   322
       Headbutt          |     1 |    22 |    66 |    74 ||   163
       Hand axe          |       |       |   182 |   217 ||   399
       Mace              |       |       |       |     5 ||     5
Throw: Throwing net      |       |     2 |     1 |     1 ||     4
 Abil: Evoke Berserk Rag |       |       |       |     3 ||     3
       Evoke Flight      |       |       |       |     1 ||     1
  Use: Scroll            |       |     9 |     9 |     2 ||    20
       Potion            |       |       |     3 |       ||     3
 Stab: Held in net/web   |       |     2 |       |       ||     2
  Eat: Chunk             |     1 |     4 |    14 |    10 ||    29
       Ration            |       |       |       |     1 ||     1
Armor: Leather armour    |    12 |       |       |       ||    12
       Plate armour      |    28 |    68 |   177 |    64 ||   337
       Scale mail        |       |       |       |    25 ||    25
Dodge: Dodged            |    52 |    38 |   159 |   164 ||   413
